AoeStats
← DIO

Nomad

506523462Analyzed
4v4 RM · 17d ago on Sep 13, 2026· 44m 22s· 8 players
Game mode
Random Map
Map size
231×231
Population
200
Speed
Normal
Resources
Standard
Victory
Conquest
Starting age
Dark Age
Ending age
Imperial Age
RankedLock teamsTeams togetherTeam positionsShared explorationLock speedFull tech treeHidden civsTurbo modeCheats
Victory
Defeat
🇺🇸 Burgundians · United States
1200
+11
🇫🇷 Saracens · France
1140
+13
🇲🇽 Byzantines · Mexico
1117
+14
🇲🇽 Persians · Mexico
1029
+17
🇨🇱 Franks · Chile
1161
-17
🇧🇷 Persians · Brazil
1057
-13
🇹🇷 Huns · Türkiye
1044
-13
🇷🇺 Tatars · Russia
1030
-12
Gonnar
4:28 Loom
13:47 Feudal Age
23:10 Castle Age
22:30 Fletching
22:55 Forging
23:07 Double-Bit Axe
24:04 Medium Warships
27:07 Careening
27:07 Siphons
29:16 Clinker Construction
29:42 Pikeman
30:42 Fishing Lines
31:42 Bow Saw
32:46 Gillnets
35:26 Wheelbarrow
39:52 Imperial Age
40:53 Iron Casting
40:19 Scale Mail Armor
42:56 Squires
42:45 Gambesons
CoorsBanquet258
5:37 Loom
9:22 Wheelbarrow
11:54 Double-Bit Axe
12:26 Fishing Lines
15:40 Feudal Age
17:09 Gillnets
17:53 Bow Saw
17:55 Gold Mining
22:23 Castle Age
21:38 Scale Barding Armor
21:44 Forging
23:07 Pikeman
24:54 Hand Cart
25:11 Medium Warships
26:56 Chain Barding Armor
27:11 Iron Casting
26:46 Cavalier
27:27 Husbandry
30:59 Gold Shaft Mining
31:27 Two-Man Saw
30:10 Horse Collar
34:03 Imperial Age
35:01 Paladin
38:52 Plate Barding Armor
40:57 Heavy Plow
41:41 Stone Mining
42:40 Burgundian Vineyards
43:17 Conscription
46:00 Blast Furnace
sabin
9:53 Loom
15:20 Feudal Age
16:51 Double-Bit Axe
18:22 Fishing Lines
20:15 Gold Mining
21:36 Wheelbarrow
20:46 Town Watch
27:01 Castle Age
25:11 Scale Barding Armor
26:57 Scale Mail Armor
27:01 Pikeman
27:42 Squires
29:57 Forging
31:31 Chain Mail Armor
31:27 Stone Mining
34:42 Iron Casting
34:28 Gillnets
37:00 Bow Saw
36:32 Horse Collar
38:11 Bloodlines
38:02 Husbandry
38:25 Chain Barding Armor
37:57 Fletching
38:43 Ballistics
40:17 Heavy Plow
40:43 Bodkin Arrow
40:45 Murder Holes
43:02 Kamandaran
45:04 Gold Shaft Mining
45:04 Stone Shaft Mining
Slayer30
5:21 Loom
16:06 Feudal Age
16:41 Double-Bit Axe
17:07 Fishing Lines
21:45 Castle Age
20:02 Horse Collar
20:17 Gold Mining
20:18 Stone Mining
22:11 Wheelbarrow
21:22 Town Watch
23:24 Bow Saw
23:58 Gold Shaft Mining
23:32 Heavy Plow
23:31 Gillnets
24:24 Hand Cart
25:01 Heavy Plow
25:39 Fletching
26:25 Bodkin Arrow
28:08 Scale Barding Armor
28:16 Forging
29:20 Chain Barding Armor
33:31 Imperial Age
32:59 Town Patrol
33:37 Iron Casting
34:36 Conscription
34:42 Husbandry
34:19 Elite Mameluke
36:35 Bloodlines
35:48 Light Cavalry
37:47 Plate Barding Armor
38:12 Blast Furnace
37:13 Bracer
37:26 Bimaristan
44:55 Counterweights
DIO
7:25 Loom
14:12 Feudal Age
17:04 Double-Bit Axe
29:07 Castle Age
27:24 Fletching
28:07 Padded Archer Armor
31:04 Bow Saw
31:55 Ballistics
31:59 Bodkin Arrow
32:26 Gold Mining
34:22 Husbandry
38:25 Leather Archer Armor
39:00 Wheelbarrow
39:05 Gold Shaft Mining
38:44 Thumb Ring
Sir bacardi
5:04 Loom
15:27 Feudal Age
19:47 Castle Age
19:50 Double-Bit Axe
27:48 Scale Barding Armor
32:18 Chain Barding Armor
33:59 Wheelbarrow
42:35 Imperial Age
41:15 Padded Archer Armor
44:24 Chemistry
43:50 Leather Archer Armor
KRONK
11:46 Loom
14:03 Feudal Age
19:39 Fletching
22:16 Horse Collar
28:43 Castle Age
27:38 Double-Bit Axe
35:18 Heavy Plow
39:59 Wheelbarrow
39:15 Town Watch
39:30 Bodkin Arrow
39:36 Padded Archer Armor
Big Albatroz
4:47 Loom
14:26 Feudal Age
20:15 Castle Age
18:49 Gold Mining
20:18 Bloodlines
20:20 Scale Barding Armor
27:01 Chain Barding Armor
32:51 Forging
33:07 Husbandry
36:02 Iron Casting
Connection lost

Rejoining the realm…

Still unreachable

The connection could not be restored.

Session expired

The server has moved on; the page needs a fresh start.